 Dungeon Crawl Stone Soup version 0.25.1-2-g60ff931df9 (webtiles) character file.

Game seed: 7465566011940456198

18 Descartes the Shield-Bearer (level 2, -2/24 HPs)
             Began as a Formicid Fighter on Aug 4, 2020.
             Slain by a gnoll
             ... wielding a +0 club
              (4 damage)
             ... on level 2 of the Dungeon.
             The game lasted 00:00:57 (895 turns).

Descartes the Shield-Bearer (Formicid Fighter)       Turns: 895, Time: 00:00:58

Health: -2/24      AC:  6    Str: 20    XL:     2   Next: 85%
Magic:  3/3        EV:  8    Int:  7    God:
Gold:   55         SH:  9    Dex: 10    Spells: 3/3 levels left

rFire    . . .     SeeInvis +   a - +0 long sword
rCold    . . .     Gourm    .   c - +0 kite shield
rNeg     . . .     Faith    .   b - +0 scale mail
rPois    .         Spirit   .   (helmet unavailable)
rElec    .         Reflect  .   (no cloak)
rCorr    .         Harm     .   (no gloves)
MR       .....                  (no boots)
Stlth    ..........             (no amulet)
HPRegen  0.08/turn              (no ring)
MPRegen  0.08/turn              (no ring)

@: no status effects
A: permanent stasis, dig shafts and tunnels, four strong arms, antennae 3
a: Dig, Shaft Self


You were on level 2 of the Dungeon.
You were not hungry.

You visited 1 branch of the dungeon, and saw 2 of its levels.

You collected 55 gold pieces.

Inventory:

Hand Weapons
 a - a +0 long sword (weapon)
Missiles
 e - 7 javelins (quivered)
 h - 15 sling bullets
 j - 30 arrows
 l - 38 bolts
 n - 2 stones
Armour
 b - a +0 scale mail (worn)
 c - a +0 kite shield (worn)
Jewellery
 g - a +4 ring of slaying {unknown}
Scrolls
 i - a scroll of immolation {unknown}
Potions
 d - a potion of might
 m - a potion of magic {unknown}
Comestibles
 f - 5 rations
 k - a chunk of flesh


   Skills:
 - Level 3.2 Fighting
 - Level 2.0 Long Blades
 - Level 3.2 Armour
 * Level 4.4 Shields
 + Level 1.1 Spellcasting


You had 3 spell levels left.
You didn't know any spells.
Your spell library was empty.

Dungeon Overview and Level Annotations

Branches:
Dungeon (2/15)

Altars:


Innate Abilities, Weirdness & Mutations

You cannot be hasted, slowed, berserked, paralysed or teleported.
You can dig through walls and to a lower floor.
Your four strong arms can wield two-handed weapons with a shield.
You have a pair of large antennae on your head. (SInv)


Message History

You are too injured to fight recklessly!
You are too injured to fight recklessly!
You are too injured to fight recklessly!
You are too injured to fight recklessly!
You are too injured to fight recklessly!
You are too injured to fight recklessly!
You are too injured to fight recklessly!
You are too injured to fight recklessly!
You are too injured to fight recklessly!
You are too injured to fight recklessly!
You are too injured to fight recklessly!
You are too injured to fight recklessly!
You are too injured to fight recklessly!
You are too injured to fight recklessly!
The gnoll hits you with a +0 club.
* * * LOW HITPOINT WARNING * * *
There is an open door here.
There is a stone staircase leading up here.
The gnoll hits you with a +0 club.
You die...

.# ... .#####.##.#.
............
.###.#.##.#.#
.###.#.##.#.# ###
.......##.#.# #.#
.###.####.#.# #.#
.....####.#.# #.#
..........#.####@##
.#...####.......g<#
.#.#.####)#.####g####
............# #.g...#
...........## #.....#
.#.#.......# #.....#
.#.#.......# #.....#
.#.#....)### #.....#
# #.##### #.....#


You could see 3 gnolls.

Vanquished Creatures
  An ooze (D:2)
  A worm (D:2)
  A leopard gecko (D:1)
  A goblin (D:2)
  3 bats (D:2)
  A frilled lizard (D:1)
  2 kobolds
  A rat (D:1)
11 creatures vanquished.

Notes
Turn   | Place    | Note
-------+----------+-------------------------------------------
     0 | D:1      | Descartes the Formicid Fighter began the quest for the Orb.
     0 | D:1      | Reached XP level 1. HP: 18/18 MP: 1/1
   739 | D:2      | Reached skill level 4 in Shields
   739 | D:2      | Reached XP level 2. HP: 19/24 MP: 1/3
   834 | D:2      | Reached skill level 1 in Spellcasting
   895 | D:2      | Slain by a gnoll

Illustrated notes

Levels and vault maps discovered:
D:1:      onia_arrival_pentagram, layout_basic
D:2:      layout_basic, lemuel_crystal_altar, lemuel_doored_altar

Skill      XL: |  1  2 |
---------------+-------+-----
Shields        | 4 |  4.4
Spellcasting   | 1 |  1.1
Fighting       | |  3.2
Long Blades    | |  2.0
Armour         | |  3.2

Action                   || total
-------------------------++-------
Melee: Long sword        ||    42
Armor: Scale mail        ||    19
Dodge: Dodged            ||    12
Block: Kite shield       ||    18
       Rpst.: Long sword ||     3
